| TOP OF THE 1ST |
|
Vermont Lake Monsters batting - Pitching for Everett AquaSox : LHP Mike Roberts
|
|
Pitching: LHP Mike Roberts
|
|
|
Batting: RHB Sean Gould
|
0-0: Ball 1-0: Foul Ball, location: 2F 1-1: Ball 2-1: Ball 3-1: Base on Balls
|
|
Batting: RHB Chris Temple
|
0-0: Ball 1-0: Foul Ball, location: 2F 1-1: Foul Ball, location: 2F 1-2: SINGLE (Line Drive, 4D, EV 96.9 MPH) Sean Gould to second
|
|
Batting: RHB Zachary Anderson
|
0-0: Swinging Strike 0-1: TRIPLE (Line Drive, 9LD, EV 110.0 MPH) Sean Gould scores Chris Temple scores
|
|
Batting: LHB Brian Puccio
|
0-0: Called Strike 0-1: Swinging Strike 0-2: Ball 1-2: Ball 2-2: Ball 3-2: Base on Balls
|
|
Batting: RHB Chris Prinzing
|
0-0: Ball 1-0: Ball 2-0: Called Strike 2-1: Ball 3-1: Called Strike 3-2: Strikes out swinging
|
|
Batting: RHB Jon Coleman
|
0-0: Ball Brian Puccio is caught stealing 2nd base 2-4 1-0: Foul Ball, location: 2F 1-1: Ball 2-1: Fly out, F9 (Flyball, 9, EV 96.2 MPH)
|
| Top of the 1st over - 2 runs, 2 hits, 0 errors, 1 left on base; Vermont 2 - Everett 0 |
| BOTTOM OF THE 1ST |
|
Everett AquaSox batting - Pitching for Vermont Lake Monsters : RHP Emanuel Andrade
|
|
Pitching: RHP Emanuel Andrade
|
|
|
Batting: RHB Heihachiro Fujita
|
0-0: Called Strike 0-1: Ball 1-1: Ball 2-1: Foul Ball, location: 2F 2-2: SINGLE (Line Drive, 9S, EV 105.6 MPH)
|
|
Batting: SHB Tony Morales
|
0-0: Ball 1-0: Ball Heihachiro Fujita is caught stealing 2nd base 2-6 2-0: Ground out 4-3 (Groundball, 4, EV 81.2 MPH)
|
|
Batting: RHB Marco Diaz
|
0-0: Swinging Strike 0-1: Foul Ball, location: 2F 0-2: Strikes out swinging
|
| Bottom of the 1st over - 0 runs, 1 hit, 0 errors, 0 left on base; Vermont 2 - Everett 0 |
| TOP OF THE 2ND |
|
Vermont Lake Monsters batting - Pitching for Everett AquaSox : LHP Mike Roberts
|
|
Batting: SHB Steve Salafia
|
0-0: Swinging Strike 0-1: Ball 1-1: Ball 2-1: Fly out, F9 (Flyball, 9, EV 90.0 MPH)
|
|
Batting: LHB Igor Ciobanu
|
0-0: Called Strike 0-1: Foul Ball, location: 2F 0-2: Ground out 4-3 (Groundball, 4, EV 88.1 MPH)
|
|
Batting: SHB Matt Sybrant
|
0-0: Called Strike 0-1: Ball 1-1: Swinging Strike 1-2: Foul Ball, location: 2F 1-2: Foul Ball, location: 2F 1-2: Ground out 4-3 (Groundball, 4S, EV 85.0 MPH)
|
| Top of the 2nd over - 0 runs, 0 hits, 0 errors, 0 left on base; Vermont 2 - Everett 0 |
| BOTTOM OF THE 2ND |
|
Everett AquaSox batting - Pitching for Vermont Lake Monsters : RHP Emanuel Andrade
|
|
Batting: LHB Chris Jackson
|
0-0: Ball 1-0: Called Strike 1-1: Called Strike 1-2: Strikes out swinging
|
|
Batting: RHB Matt Fenimore
|
0-0: Called Strike 0-1: Ball 1-1: Swinging Strike 1-2: Strikes out swinging
|
|
Batting: LHB William Gonzales
|
0-0: Called Strike 0-1: Ball 1-1: Called Strike 1-2: Ball 2-2: Ball 3-2: Fly out, F9 (Flyball, 89M, EV 74.4 MPH)
|
| Bottom of the 2nd over - 0 runs, 0 hits, 0 errors, 0 left on base; Vermont 2 - Everett 0 |
| TOP OF THE 3RD |
|
Vermont Lake Monsters batting - Pitching for Everett AquaSox : LHP Mike Roberts
|
|
Batting: RHB Sean Gould
|
0-0: Ball 1-0: Swinging Strike 1-1: Swinging Strike 1-2: Ball 2-2: Hit by Pitch
|
|
Batting: RHB Chris Temple
|
0-0: SINGLE (Groundball, 6D, EV 106.2 MPH) Sean Gould to second Runner from 2nd tries for 3rd, OUT! 8-5 Chris Temple to second
|
|
Batting: RHB Zachary Anderson
|
0-0: Called Strike 0-1: SINGLE (Line Drive, 3D, EV 110.0 MPH) Chris Temple to third
|
|
Batting: LHB Brian Puccio
|
0-0: Ball 1-0: Ball Zachary Anderson is caught stealing 2nd base 2-6 2-0: Ball 3-0: Called Strike 3-1: Foul Ball, location: 2F 3-2: Strikes out swinging
|
| Top of the 3rd over - 0 runs, 2 hits, 0 errors, 1 left on base; Vermont 2 - Everett 0 |
| BOTTOM OF THE 3RD |
|
Everett AquaSox batting - Pitching for Vermont Lake Monsters : RHP Emanuel Andrade
|
|
Batting: LHB Ryan Daniels
|
0-0: Ball 1-0: Ball 2-0: Called Strike 2-1: Foul Ball, location: 2F 2-2: Ground out U3 (Groundball, 34, EV 96.9 MPH)
|
|
Batting: RHB Jwahir Pili
|
0-0: Ball 1-0: Called Strike 1-1: Foul Ball, location: 2F 1-2: Strikes out swinging
|
|
Batting: RHB Omar Solis
|
0-0: Foul Ball, location: 2F 0-1: Ball 1-1: Swinging Strike 1-2: Ball 2-2: Ground out 4-3 (Groundball, 4, EV 104.4 MPH)
|
| Bottom of the 3rd over - 0 runs, 0 hits, 0 errors, 0 left on base; Vermont 2 - Everett 0 |
| TOP OF THE 4TH |
|
Vermont Lake Monsters batting - Pitching for Everett AquaSox : LHP Mike Roberts
|
|
Batting: RHB Chris Prinzing
|
0-0: Called Strike 0-1: Foul Ball, location: 2F 0-2: Strikes out swinging
|
|
Batting: RHB Jon Coleman
|
0-0: Ground out 4-3 (Groundball, 4MD, EV 88.8 MPH)
|
|
Batting: SHB Steve Salafia
|
0-0: DOUBLE (Line Drive, 78M, EV 100.0 MPH)
|
|
Batting: LHB Igor Ciobanu
|
0-0: Foul Ball, location: 2F 0-1: Fly out, F8 (Flyball, 8LXD, EV 106.2 MPH)
|
| Top of the 4th over - 0 runs, 1 hit, 0 errors, 1 left on base; Vermont 2 - Everett 0 |
| BOTTOM OF THE 4TH |
|
Everett AquaSox batting - Pitching for Vermont Lake Monsters : RHP Emanuel Andrade
|
|
Batting: RHB Heihachiro Fujita
|
0-0: Ball 1-0: Foul Ball, location: 2F 1-1: Foul Ball, location: 2F 1-2: Strikes out looking
|
|
Batting: SHB Tony Morales
|
0-0: Reached on error, E1 (Groundball, P, EV 70.6 MPH)
|
|
Batting: RHB Marco Diaz
|
0-0: Fly out, F7 (Flyball, 7S, EV 93.8 MPH)
|
|
Batting: LHB Chris Jackson
|
0-0: Foul Ball, location: 2F 0-1: Ball 1-1: SINGLE (Line Drive, 9LM, EV 103.1 MPH) Tony Morales to third Runner from 3rd tries for Home, SAFE, throw by RF to home Chris Jackson to second
|
|
Batting: RHB Matt Fenimore
|
0-0: Ball 1-0: Foul Ball, location: 2F 1-1: Foul Ball, location: 2F 1-2: Foul Ball, location: 2F 1-2: Strikes out swinging
|
| Bottom of the 4th over - 1 run, 1 hit, 1 error, 1 left on base; Vermont 2 - Everett 1 |
| TOP OF THE 5TH |
|
Vermont Lake Monsters batting - Pitching for Everett AquaSox : LHP Mike Roberts
|
|
Batting: SHB Matt Sybrant
|
0-0: Ball 1-0: Ball 2-0: Foul Ball, location: 2F 2-1: Swinging Strike 2-2: Ground out U3 (Groundball, 3, EV 82.5 MPH)
|
|
Batting: RHB Sean Gould
|
0-0: Called Strike 0-1: Foul Ball, location: 2F 0-2: Ball 1-2: Ball 2-2: Foul Ball, location: 2F 2-2: Foul Ball, location: 2F 2-2: Foul Ball, location: 2F 2-2: DOUBLE (Line Drive, 7LD, EV 108.1 MPH)
|
|
Batting: RHB Chris Temple
|
0-0: Called Strike 0-1: Foul Ball, location: 2F 0-2: Ball 1-2: SINGLE (Line Drive, 8RS, EV 86.9 MPH) Sean Gould to third Runner from 3rd tries for Home, SAFE, throw by CF to home Chris Temple to second
|
|
Pitching: RHP Aaron Black
|
|
|
Batting: RHB Zachary Anderson
|
0-0: SINGLE (Line Drive, 7S, EV 108.8 MPH) Chris Temple to third
|
|
Batting: LHB Brian Puccio
|
0-0: Called Strike Zachary Anderson steals 2nd base 0-1: SINGLE (Line Drive, 9S, EV 91.9 MPH) Chris Temple scores Zachary Anderson to third Runner from 3rd tries for Home, SAFE, throw by RF to home Brian Puccio to second
|
|
Batting: RHB Chris Prinzing
|
0-0: Ball 1-0: Called Strike 1-1: Foul Ball, location: 2F 1-2: Ball 2-2: Ball 3-2: Strikes out swinging
|
|
Batting: RHB Jon Coleman
|
0-0: Fly out, F8 (Flyball, 89M, EV 87.5 MPH)
|
| Top of the 5th over - 3 runs, 4 hits, 0 errors, 1 left on base; Vermont 5 - Everett 1 |
| BOTTOM OF THE 5TH |
|
Everett AquaSox batting - Pitching for Vermont Lake Monsters : RHP Emanuel Andrade
|
|
Batting: LHB William Gonzales
|
0-0: Ball 1-0: Ball 2-0: Called Strike 2-1: Ball 3-1: Foul Ball, location: 2F 3-2: Base on Balls
|
|
Batting: LHB Ryan Daniels
|
0-0: Swinging Strike 0-1: Foul Ball, location: 2F 0-2: Foul Ball, location: 2F 0-2: Ball 1-2: Ball 2-2: Strikes out swinging
|
|
Batting: RHB Jwahir Pili
|
0-0: Ball 1-0: Ball 2-0: Foul Ball, location: 2F 2-1: Called Strike 2-2: Foul Ball, location: 2F 2-2: SINGLE (Groundball, 4MD, EV 105.0 MPH) William Gonzales to second Runner from 2nd tries for 3rd, OUT! 8-5 Jwahir Pili to second
|
|
Pitching: RHP Pedro Taveras
|
|
|
Batting: RHB Omar Solis
|
0-0: Swinging Strike 0-1: Foul Ball, location: 2F 0-2: Foul Ball, location: 2F 0-2: Foul Ball, location: 2F 0-2: Ball 1-2: DOUBLE (Line Drive, 78D, EV 107.5 MPH) Jwahir Pili scores
|
|
Batting: RHB Heihachiro Fujita
|
0-0: DOUBLE (Groundball, 3L, EV 102.5 MPH) Omar Solis scores
|
|
Batting: SHB Tony Morales
|
0-0: Ball 1-0: Called Strike 1-1: Swinging Strike 1-2: Ball 2-2: Foul Ball, location: 2F 2-2: SINGLE (Flyball, 34D, EV 89.4 MPH) Heihachiro Fujita to third Runner from 3rd tries for Home, SAFE, throw by RF to home
|
|
Batting: RHB Marco Diaz
|
0-0: Ball 1-0: Foul Ball, location: 2F 1-1: Ground out 4-3 (Groundball, 4, EV 83.8 MPH)
|
| Bottom of the 5th over - 3 runs, 4 hits, 0 errors, 1 left on base; Vermont 5 - Everett 4 |
| TOP OF THE 6TH |
|
Vermont Lake Monsters batting - Pitching for Everett AquaSox : RHP Aaron Black
|
|
Batting: SHB Steve Salafia
|
0-0: Called Strike 0-1: Ball 1-1: Foul Ball, location: 2F 1-2: Foul Ball, location: 2F 1-2: Strikes out swinging
|
|
Batting: LHB Igor Ciobanu
|
0-0: Ball 1-0: Ground out 5-3 (Groundball, 56S, EV 84.4 MPH)
|
|
Batting: SHB Matt Sybrant
|
0-0: Ball 1-0: Called Strike 1-1: Swinging Strike 1-2: Ball 2-2: Strikes out swinging
|
| Top of the 6th over - 0 runs, 0 hits, 0 errors, 0 left on base; Vermont 5 - Everett 4 |
| BOTTOM OF THE 6TH |
|
Everett AquaSox batting - Pitching for Vermont Lake Monsters : RHP Pedro Taveras
|
|
Batting: LHB Chris Jackson
|
0-0: Ball 1-0: Called Strike 1-1: Swinging Strike 1-2: Ball 2-2: Strikes out looking
|
|
Batting: RHB Matt Fenimore
|
0-0: Foul Ball, location: 2F 0-1: Foul Ball, location: 2F 0-2: Strikes out swinging
|
|
Batting: LHB William Gonzales
|
0-0: Ball 1-0: SINGLE (Groundball, 6D, EV 96.9 MPH)
|
|
Pitching: LHP Adam Wood
|
|
|
Batting: LHB Ryan Daniels
|
0-0: Fly out, F9 (Flyball, 89M, EV 80.6 MPH)
|
| Bottom of the 6th over - 0 runs, 1 hit, 0 errors, 1 left on base; Vermont 5 - Everett 4 |
| TOP OF THE 7TH |
|
Vermont Lake Monsters batting - Pitching for Everett AquaSox : RHP Aaron Black
|
|
Batting: RHB Sean Gould
|
0-0: Foul Ball, location: 2F 0-1: Ground out 4-3 (Groundball, 4S, EV 81.2 MPH)
|
|
Batting: RHB Chris Temple
|
0-0: Ground out U3 (Groundball, 34S, EV 88.8 MPH)
|
|
Batting: RHB Zachary Anderson
|
0-0: Ball 1-0: Swinging Strike 1-1: Ground out 3-1 (Groundball, 13, EV 83.1 MPH)
|
| Top of the 7th over - 0 runs, 0 hits, 0 errors, 0 left on base; Vermont 5 - Everett 4 |
| BOTTOM OF THE 7TH |
|
Everett AquaSox batting - Pitching for Vermont Lake Monsters : LHP Adam Wood
|
|
Batting: RHB Jwahir Pili
|
0-0: Hit by Pitch
|
|
Batting: RHB Omar Solis
|
0-0: Called Strike 0-1: Ball Jwahir Pili is caught stealing 2nd base 2-4 1-1: DOUBLE (Line Drive, 9LM, EV 102.5 MPH)
|
|
Batting: RHB Heihachiro Fujita
|
0-0: Ball 1-0: Ball 2-0: Called Strike 2-1: Swinging Strike 2-2: Ball 3-2: Strikes out looking
|
|
Batting: SHB Tony Morales
|
0-0: Swinging Strike 0-1: Fly out, F8 (Flyball, 8LM, EV 86.9 MPH)
|
| Bottom of the 7th over - 0 runs, 1 hit, 0 errors, 1 left on base; Vermont 5 - Everett 4 |
| TOP OF THE 8TH |
|
Vermont Lake Monsters batting - Pitching for Everett AquaSox : RHP Aaron Black
|
|
Batting: LHB Brian Puccio
|
0-0: Swinging Strike 0-1: Ball 1-1: Foul Ball, location: 2F 1-2: Ball 2-2: Ball 3-2: Base on Balls
|
|
Pitching: LHP Chris Wheeler
|
|
|
Batting: RHB Chris Prinzing
|
0-0: Ball 1-0: Ball 2-0: Fly out, F8 (Flyball, 8RD, EV 110.0 MPH)
|
|
Batting: RHB Jon Coleman
|
0-0: Called Strike 0-1: Fielders Choice at 2nd, 1-6 (Groundball, 13, EV 66.2 MPH)
|
|
Batting: SHB Steve Salafia
|
0-0: Ball 1-0: Ball 2-0: Called Strike 2-1: Foul Ball, location: 2F 2-2: Strikes out swinging
|
| Top of the 8th over - 0 runs, 0 hits, 0 errors, 1 left on base; Vermont 5 - Everett 4 |
| BOTTOM OF THE 8TH |
|
Everett AquaSox batting - Pitching for Vermont Lake Monsters : LHP Adam Wood
|
|
Now at 3B: Alberto Malagon
|
|
|
Batting: RHB Marco Diaz
|
0-0: Called Strike 0-1: Ball 1-1: Ball 2-1: Foul Ball, location: 2F 2-2: Fly out, F8 (Flyball, 78S, EV 91.2 MPH)
|
|
Batting: LHB Chris Jackson
|
0-0: Ball 1-0: Foul Ball, location: 2F 1-1: Ball 2-1: Foul Ball, location: 2F 2-2: Ball 3-2: Strikes out swinging
|
|
Batting: RHB Matt Fenimore
|
0-0: Ball 1-0: Ball 2-0: Foul Ball, location: 2F 2-1: Foul Ball, location: 2F 2-2: Ball 3-2: Strikes out swinging
|
| Bottom of the 8th over - 0 runs, 0 hits, 0 errors, 0 left on base; Vermont 5 - Everett 4 |
| TOP OF THE 9TH |
|
Vermont Lake Monsters batting - Pitching for Everett AquaSox : LHP Chris Wheeler
|
|
Batting: LHB Igor Ciobanu
|
0-0: Ground out 6-3 (Groundball, 6, EV 92.5 MPH)
|
|
Batting: SHB Matt Sybrant
|
0-0: Ball 1-0: Ground out 5-3 (Groundball, 56, EV 89.4 MPH)
|
|
Batting: RHB Sean Gould
|
0-0: Called Strike 0-1: Ball 1-1: Ball 2-1: Swinging Strike 2-2: Ground out 4-3 (Groundball, 4, EV 88.1 MPH)
|
| Top of the 9th over - 0 runs, 0 hits, 0 errors, 0 left on base; Vermont 5 - Everett 4 |
| BOTTOM OF THE 9TH |
|
Everett AquaSox batting - Pitching for Vermont Lake Monsters : LHP Adam Wood
|
|
Batting: LHB William Gonzales
|
0-0: Called Strike 0-1: Foul Ball, location: 2F 0-2: Foul Ball, location: 2F 0-2: Ball 1-2: Ball 2-2: Strikes out swinging
|
|
Pinch Hitting: RHB Tai Joo
|
0-0: Ball 1-0: Called Strike 1-1: Ball 2-1: Ball 3-1: Called Strike 3-2: SINGLE (Line Drive, 6D, EV 101.2 MPH)
|
|
Pinch Runner at 1st Doug Carter:
|
|
|
Batting: RHB Jwahir Pili
|
0-0: Ball 1-0: Ball 2-0: Ball 3-0: Base on Balls Doug Carter to second
|
|
Batting: RHB Omar Solis
|
0-0: Ball 1-0: Ball 2-0: Called Strike 2-1: Foul Ball, location: 2F 2-2: Ball 3-2: Foul Ball, location: 2F 3-2: Strikes out swinging
|
|
Pitching: RHP John Harrell
|
|
|
Batting: RHB Heihachiro Fujita
|
0-0: Called Strike 0-1: Called Strike 0-2: Foul Ball, location: 2F 0-2: Foul Ball, location: 2F 0-2: Ball 1-2: Foul Ball, location: 2F 1-2: Foul Ball, location: 2F 1-2: Ground out 4-3 (Groundball, 4, EV 100.6 MPH)
|
| Bottom of the 9th over - 0 runs, 1 hit, 0 errors, 2 left on base; Vermont 5 - Everett 4 |
|